Map: Heavy Artillery LE

Players

qqq

  • Race: Zerg Zerg
  • League: Platinum
  • Spawn Location: 3:00

Massa

  • Race: Terran Terran
  • League: Gold
  • Spawn Location: 1:00

sirPlayALot - Winner!

  • Race: Terran Terran
  • League: Master
  • Spawn Location: 7:00

Kaagu - Winner!

  • Race: Protoss Protoss
  • League: Diamond
  • Spawn Location: 7:00

VOD

Have the link to the VOD?

Description

Time

  • Played on: Aug. 28, 2020, 5:47 a.m.
  • Length: 13:09
Show
View Real Time Build Order
Export as new Build Order

qqq Zerg 

Build Orders: Hatch First 

Get SALT Encoding   

  12  0:02  Drone  
  13  0:09  Drone  
  14  0:37  Hatchery  
  14  0:42  Drone  
  14  0:56  Spawning Pool  
  13  1:03  Overlord  
  13  1:09  Drone  
  14  1:12  Extractor  
  14  1:17  Drone  
  14  1:39  Drone x2  
  16  1:40  Drone  
  16  1:46  Queen  
  19  1:50  Drone  
  20  2:19  Overlord  
  20  2:20  Zergling x2  
  20  2:21  Drone  
  20  2:22  Drone x2  
  24  2:24  Zergling x2  
  24  2:25  Metabolic Boost  
  25  2:32  Zergling x2  
  26  2:38  Queen  
  26  2:40  Drone  
  29  2:51  Roach Warren  
  29  2:54  Drone  
  29  2:56  Drone  
  30  3:15  Zergling x2  
  30  3:16  Zergling x2  
  30  3:18  Drone  
  33  3:23  Drone x3  
  35  3:31  Lair  
  35  3:34  Overlord  
  35  3:35  Overlord  
  35  3:45  Drone  
  36  3:53  Zergling x4  
  36  3:55  Roach x2  
  42  4:00  Roach  
  42  4:02  Roach x2  
  48  4:04  Roach  
  50  4:15  Roach  
  52  4:18  Overlord  
  52  4:30  Overlord  
  52  4:40  Hatchery  
  52  4:43  Drone  
  52  4:44  Roach  
  54  4:47  Zergling x6  
  54  4:48  Zergling x6  
  54  4:51  Zergling x2  
  61  4:54  Glial Reconstitution  
  61  4:59  Zergling x2  
  63  5:00  Zergling x2  
  63  5:01  Zergling x2  
  64  5:16  Zergling x4, Roach  
  64  5:18  Overlord  
  64  5:19  Overlord  
  68  5:28  Overlord  
  68  5:38  Drone  
  69  5:44  Drone  
  70  5:53  Spore Crawler  
  70  5:55  Drone, Spore Crawler  
  70  5:56  Drone  
  70  5:57  Zergling x4  
  71  5:59  Zergling x2  
  69  6:04  Hatchery  
  44  6:20  Roach x2  
  44  6:21  Zergling x10  
  44  6:22  Zergling x4  
  51  6:29  Roach  
  51  6:30  Roach  
  50  6:40  Roach  
  50  6:41  Roach x2  
  50  6:46  Drone  
  50  6:47  Drone  
  58  6:48  Roach  
  58  6:57  Drone  
  59  7:01  Queen  
  59  7:07  Roach x2  
  65  7:09  Drone x2, Roach  
  69  7:17  Queen  
  69  7:19  Drone  
  69  7:21  Roach  
  74  7:34  Evolution Chamber  
  74  7:36  Evolution Chamber  
  72  7:40  Hydralisk Den  
  72  7:42  Roach  
  72  7:43  Overlord x2  
  73  7:45  Drone x2  
  73  7:46  Drone x3  
  73  7:48  Extractor  
  77  7:52  Extractor  
  77  7:56  Drone x2  
  77  7:58  Drone x3  
  82  8:12  Drone  
  82  8:13  Drone x7  
  89  8:22  Hydralisk x2  
  89  8:23  Hydralisk  
  95  8:27  Roach  
  95  8:30  Drone x2  
  99  8:45  Roach x2  
  99  8:46  Roach  
  99  8:47  Roach x3  
  99  8:48  Zergling x8  
  113  8:49  Zergling x2  
  116  9:06  Roach  
  116  9:07  Roach x2  
  116  9:09  Overlord x4  
  120  9:10  Overlord  
  120  9:27  Queen  
  122  9:33  Zerg Melee Weapons Level 1  
  122  9:35  Lurker Den  
  122  9:37  Zerg Missile Weapons Level 1  
  121  9:39  Drone x2  
  121  9:40  Drone x3  
  121  9:41  Drone x5  
  118  10:07  Hydralisk x5  
  118  10:08  Zergling x2  
  118  10:09  Zergling x4  
  118  10:10  Drone x6  
  118  10:11  Drone  
  118  10:13  Extractor  
  137  10:25  Infestation Pit  
  137  10:27  Extractor  
  89  10:55  Lurker x2  
  91  10:57  Lurker  
  93  11:04  Drone x3  
  93  11:05  Extractor  
  94  11:13  Roach x3  
  94  11:14  Zergling x8, Roach  
  94  11:16  Drone x4  
  110  11:20  Extractor  
  110  11:22  Extractor  
  108  11:28  Roach x2  
  112  11:40  Roach x3  
  112  11:41  Roach x3  
  123  12:07  Roach x4  
  123  12:08  Roach x2  
  127  12:09  Drone x4  
  127  12:10  Drone x2  
  127  12:12  Hatchery  
  109  12:31  Drone x2  
  109  12:32  Drone  
  110  12:38  Roach x3  
  110  12:39  Roach  
  108  12:57  Hatchery  
Show
View Real Time Build Order
Export as new Build Order

Massa Terran 

Build Orders:  

Get SALT Encoding   

  12  0:02  SCV  
  13  0:14  SCV  
  13  0:18  Supply Depot  
  14  0:26  SCV  
  15  0:30  Refinery  
  15  0:40  SCV  
  16  0:45  Barracks  
  16  0:52  SCV  
  17  1:04  SCV  
  18  1:16  SCV  
  19  1:29  SCV  
  20  1:32  Reaper  
  20  1:37  Command Center  
  21  1:41  SCV  
  22  1:53  SCV  
  23  1:57  Supply Depot  
  23  2:14  Barracks  
  23  2:18  Factory, Marine  
  24  2:24  Orbital Command  
  24  2:50  Marine  
  25  2:52  SCV  
  25  2:54  SCV  
  27  3:04  SCV, Barracks  
  27  3:05  Factory Reactor  
  28  3:06  Barracks Tech Lab, SCV  
  28  3:07  Marine  
  30  3:16  SCV  
  31  3:26  SCV  
  32  3:28  SCV  
  32  3:29  Barracks Reactor  
  32  3:30  Marauder  
  35  3:38  SCV  
  36  3:51  Marauder  
  36  3:54  Orbital Command  
  36  3:55  SCV  
  38  3:58  Hellion x2  
  38  4:00  Barracks Reactor  
  42  4:07  SCV  
  42  4:09  Barracks  
  43  4:11  Refinery  
  43  4:13  Marauder  
  45  4:18  Stimpack  
  45  4:19  SCV  
  46  4:31  Supply Depot  
  46  4:34  Supply Depot  
  46  4:40  Hellion, Marauder, Marine x4  
  54  4:53  SCV x2, Hellion  
  54  4:58  Marine x3  
  61  5:02  Hellion, Marauder  
  61  5:05  SCV x2, Marine  
  68  5:14  Hellion  
  70  5:23  Supply Depot  
  70  5:27  Supply Depot  
  70  5:37  Starport  
  70  5:45  Hellion x2, Marauder, Marine x2  
  70  5:48  Marine x2  
  70  5:49  Engineering Bay  
  80  5:55  Engineering Bay  
  80  5:58  Armory, Concussive Shells  
  80  6:01  Refinery  
  80  6:02  Marine  
  81  6:06  Marine  
  81  6:07  Marauder  
  67  6:28  Marauder  
  53  6:47  Marine x2  
  53  6:48  Marine x2  
  53  6:49  Marauder  
  53  6:52  Widow Mine x2  
  59  6:56  Medivac  
  59  7:02  Command Center  
  59  7:05  Marine x2  
  59  7:06  Barracks Reactor, Marine x2  
  63  7:11  Marauder  
  67  7:16  Missile Turret  
  67  7:23  Marine x4  
  67  7:24  SCV  
  67  7:25  Refinery, SCV  
  73  7:32  Marauder  
  73  7:36  SCV  
  74  7:40  Combat Shield  
  74  7:41  Marine x4  
  78  7:44  Terran Infantry Weapons Level 1  
  78  7:48  Terran Infantry Armor Level 1  
  78  7:52  Factory Tech Lab  
  78  7:54  Marauder  
  80  8:08  SCV x2  
  82  8:20  SCV x2  
  84  8:32  SCV x2  
  80  8:44  SCV  
  80  8:45  SCV  
  80  8:46  Medivac x2  
  86  8:49  Marauder  
  86  8:50  Marine x6  
  86  8:54  Siege Tank  
  97  8:57  SCV x2  
  99  9:08  Marine x4  
  101  9:14  Orbital Command  
  101  9:20  Supply Depot  
  101  9:21  Supply Depot x2  
  101  9:23  Supply Depot  
  101  9:25  Marauder  
  101  9:26  SCV x2  
  101  9:41  Terran Infantry Weapons Level 2  
  101  9:42  Marine x6, Siege Tank  
  101  9:43  Terran Infantry Armor Level 2  
  101  9:45  Supply Depot, Terran Vehicle Weapons Level 1  
  110  9:46  Marauder, Supply Depot  
  110  9:47  Command Center, Supply Depot  
  112  10:00  Marine x6  
  118  10:07  Marauder  
  118  10:10  Supply Depot  
  120  10:17  Marine x2  
  122  10:24  Marine x3  
  122  10:25  Marine  
  125  10:29  Marauder  
  125  10:35  Marine x2  
  101  10:49  Command Center  
  87  10:50  Marauder  
  89  10:58  Bunker x2, Liberator x2  
  94  11:12  Orbital Command, Marauder  
  94  11:15  SCV x3  
  94  11:18  Marine x6  
  100  11:24  Armory  
  105  11:27  SCV x3  
  105  11:29  Smart Servos  
  108  11:33  Marauder  
  108  11:36  Marine x6  
  116  11:41  Factory  
  116  11:45  Thor  
  122  11:53  Refinery, Marine  
  123  11:54  Marauder, Marine x5  
  123  11:56  Refinery  
  130  12:11  Marine  
  130  12:12  Marine x5  
  136  12:16  Marauder  
  128  12:28  Siege Tank  
  109  12:34  Factory Tech Lab  
  89  12:37  Marauder  
  89  12:42  Marine x2  
  89  12:43  Marine x2  
Show
View Real Time Build Order
Export as new Build Order

sirPlayALot Terran - Winner!

Build Orders: 2 Factory, Mech 

Get SALT Encoding   

  12  0:00  SCV  
  13  0:13  SCV  
  14  0:19  Supply Depot  
  14  0:25  SCV  
  15  0:36  Refinery  
  15  0:40  SCV  
  16  0:53  Barracks  
  16  0:54  SCV  
  17  1:06  SCV  
  18  1:18  SCV  
  19  1:30  SCV  
  20  1:44  Orbital Command  
  20  1:46  Marine  
  21  1:49  Command Center  
  21  2:11  Refinery  
  21  2:13  Factory  
  21  2:14  SCV  
  22  2:17  Supply Depot  
  22  2:27  Marine  
  23  2:42  SCV  
  24  2:45  Marine  
  25  2:59  Factory Tech Lab  
  25  3:01  SCV, Factory  
  26  3:10  Orbital Command  
  26  3:13  SCV  
  26  3:14  Refinery  
  26  3:25  SCV  
  26  3:27  Siege Tank  
  28  3:34  Armory  
  28  3:37  SCV x2  
  30  3:45  Factory Tech Lab  
  30  3:49  SCV x2, Factory  
  32  4:01  Refinery, SCV x2  
  34  4:13  SCV  
  34  4:15  SCV  
  36  4:20  Siege Tank  
  36  4:23  Armory  
  39  4:25  SCV  
  39  4:27  SCV, Terran Vehicle And Ship Armor Level 1  
  41  4:35  Factory Tech Lab  
  41  4:38  SCV  
  42  4:40  SCV  
  42  4:42  Engineering Bay  
  42  4:43  Smart Servos  
  43  4:50  SCV  
  43  4:52  SCV  
  45  4:53  Supply Depot  
  45  4:57  Supply Depot  
  45  5:02  SCV  
  46  5:11  Supply Depot  
  46  5:15  SCV x2, Thor  
  54  5:21  Supply Depot  
  54  5:27  SCV, Terran Vehicle Weapons Level 1  
  55  5:32  SCV, Missile Turret  
  55  5:35  Missile Turret  
  56  5:39  SCV  
  57  5:44  SCV  
  58  5:51  SCV  
  58  5:54  Command Center  
  58  5:56  SCV  
  60  6:03  SCV, Siege Tank  
  64  6:08  SCV  
  64  6:10  Siege Tank  
  64  6:15  SCV  
  64  6:16  Siege Tank  
  63  6:21  SCV  
  64  6:27  SCV  
  65  6:33  SCV  
  65  6:36  Siege Tank  
  70  6:40  SCV  
  70  6:42  Siege Tank  
  70  6:45  SCV  
  74  6:52  SCV  
  75  6:54  Refinery  
  75  6:56  Siege Tank  
  75  6:58  Refinery  
  78  7:01  Terran Vehicle And Ship Armor Level 2, Supply Depot  
  78  7:06  SCV x2  
  80  7:09  Orbital Command  
  80  7:17  Supply Depot  
  80  7:18  SCV x2, Supply Depot  
  82  7:27  Terran Vehicle Weapons Level 2  
  82  7:30  SCV x2  
  82  7:36  SCV  
  85  7:39  Thor  
  85  7:40  Thor  
  85  7:42  SCV  
  98  7:44  Supply Depot  
  98  7:47  Supply Depot  
  98  7:48  SCV  
  99  7:51  SCV  
  99  7:54  SCV  
  99  7:55  Thor  
  107  8:00  SCV  
  108  8:06  Factory x2  
  108  8:08  Neosteel Armor  
  108  8:10  SCV  
  108  8:11  SCV  
  108  8:12  SCV  
  111  8:24  SCV  
  111  8:26  Supply Depot x2  
  112  8:29  Supply Depot  
  112  8:30  Command Center, Supply Depot  
  112  8:34  Thor  
  112  8:40  Missile Turret  
  118  8:44  SCV  
  118  8:45  SCV  
  118  8:46  SCV  
  121  8:50  Supply Depot  
  121  9:08  Factory Tech Lab x2  
  121  9:09  Thor x2  
  127  9:13  SCV  
  127  9:14  SCV  
  127  9:15  SCV  
  136  9:17  Supply Depot  
  136  9:18  Supply Depot, Siege Tank  
  139  9:24  Factory  
  139  9:25  Terran Vehicle And Ship Armor Level 3  
  139  9:26  Factory  
  139  9:27  SCV  
  140  9:42  Supply Depot  
  140  9:43  Supply Depot  
  140  9:48  Hi-Sec Auto Tracking  
  140  9:55  Thor  
  140  9:56  Thor  
  152  10:00  Planetary Fortress  
  152  10:01  Missile Turret  
  152  10:16  Factory Tech Lab x2  
  152  10:30  Thor x2  
  152  10:33  Refinery, Command Center  
  152  10:35  Refinery  
  161  10:56  Thor x2  
  173  11:05  SCV  
  173  11:10  Missile Turret  
  174  11:17  SCV  
  175  11:19  Thor x2  
  175  11:22  Thor  
  193  11:29  SCV  
  194  11:37  Refinery  
  194  11:40  Refinery  
  194  11:41  SCV  
  193  11:48  Missile Turret  
  193  11:53  SCV  
  187  12:02  Thor x2  
  187  12:05  SCV  
  199  12:18  SCV  
Show
View Real Time Build Order
Export as new Build Order

Kaagu Protoss - Winner!

Build Orders: 1 Gate Expand 

Get SALT Encoding   

  12  0:00  Probe  
  13  0:12  Probe  
  14  0:17  Pylon  
  14  0:25  Probe  
  15  0:36  Gateway  
  15  0:37  Probe (Chrono Boost)  
  16  0:47  Probe (Chrono Boost)  
  16  0:49  Assimilator  
  17  0:52  Probe (Chrono Boost)  
  18  1:04  Probe  
  19  1:22  Nexus  
  19  1:25  Probe  
  20  1:42  Cybernetics Core  
  20  1:44  Pylon  
  20  1:48  Assimilator  
  20  1:49  Probe (Chrono Boost)  
  21  2:14  Probe  
  22  2:20  Stalker (Chrono Boost), Warp Gate  
  24  2:26  Probe  
  25  2:36  Pylon  
  24  2:46  Probe  
  25  2:52  Probe  
  25  2:58  Probe (Chrono Boost)  
  28  3:09  Probe (Chrono Boost)  
  28  3:10  Probe (Chrono Boost)  
  29  3:16  Probe (Chrono Boost)  
  29  3:17  Gateway  
  29  3:18  Probe (Chrono Boost)  
  31  3:20  Shield Battery  
  31  3:22  Shield Battery  
  31  3:24  Probe, Stalker  
  34  3:31  Gateway  
  34  3:35  Gateway  
  34  3:48  Robotics Facility  
  34  3:54  Gateway  
  34  3:56  Probe (Chrono Boost)  
  34  3:57  Robotics Facility  
  35  4:07  Probe (Chrono Boost)  
  36  4:11  Stalker  
  36  4:12  Probe (Chrono Boost)  
  36  4:13  Probe (Chrono Boost)  
  40  4:22  Probe (Chrono Boost), Twilight Council  
  41  4:27  Pylon  
  41  4:28  Probe (Chrono Boost)  
  42  4:32  Stalker  
  42  4:35  Probe (Chrono Boost), Sentry x2  
  50  4:39  Observer  
  50  4:40  Probe x2 (Chrono Boost)  
  50  4:44  Assimilator  
  52  4:46  Assimilator  
  52  4:48  Zealot  
  52  4:49  Probe x2  
  56  5:03  Forge  
  56  5:06  Zealot  
  58  5:07  Stalker  
  58  5:12  Probe (Chrono Boost)  
  62  5:22  Probe (Chrono Boost)  
  62  5:35  Pylon  
  62  5:37  Pylon  
  62  5:39  Protoss Ground Weapons Level 1  
  62  5:42  Blink (Chrono Boost), Robotics Bay  
  62  5:53  Probe x2  
  64  6:06  Zealot x3  
  62  6:18  Zealot  
  62  6:20  Zealot  
  66  6:31  Stalker x3  
  66  6:46  Colossus (Chrono Boost)  
  70  6:58  Zealot x3  
  70  6:59  Zealot  
  78  7:06  Pylon  
  78  7:10  Extended Thermal Lance  
  78  7:15  Forge  
  78  7:23  Forge  
  78  7:24  Probe x2  
  80  7:39  Nexus  
  80  7:42  Pylon  
  80  7:43  Pylon  
  80  7:45  Pylon  
  80  7:46  Observer (Chrono Boost)  
  80  7:47  Pylon  
  81  7:52  Stalker x2  
  85  8:35  Stalker x5  
  87  8:46  Photon Cannon  
  86  8:51  Photon Cannon  
  79  9:12  Probe  
  80  9:17  Protoss Ground Weapons Level 2 (Chrono Boost)  
  80  9:22  Protoss Ground Armor Level 1 (Chrono Boost)  
  80  9:23  Protoss Shields Level 1 (Chrono Boost)  
  80  9:25  Probe  
  80  9:29  Probe  
  82  9:37  Probe  
  83  9:41  Probe  
  84  9:49  Probe, Nexus  
  84  9:52  Pylon  
  85  9:53  Probe  
  85  9:54  Pylon  
  85  9:56  Pylon  
  85  9:58  Pylon  
  78  10:01  Probe  
  78  10:05  Probe  
  80  10:10  Colossus  
  80  10:11  Zealot x2  
  80  10:12  Zealot x3  
  92  10:41  Charge (Chrono Boost)  
  90  10:43  Gateway x2  
  88  10:55  Probe x2  
  90  11:09  Observer  
  90  11:11  Stalker x5  
  97  11:17  Probe  
  102  11:23  Gateway  
  102  11:27  Gateway  
  102  11:28  Photon Cannon  
  102  11:29  Probe, Photon Cannon  
  102  11:32  Photon Cannon  
  103  11:36  Photon Cannon  
  103  11:37  Shield Battery  
  103  11:41  Probe, Shield Battery  
  103  11:43  Colossus (Chrono Boost)  
  103  11:45  Zealot x6  
  103  11:46  Zealot  
  124  11:53  Probe  
  123  12:12  Zealot  
  123  12:13  Zealot x4  
  119  12:32  Observer (Chrono Boost)  
Tags
 
Add a new tag
Caveats
  • Supply blocks, unpowered buildings, or Contaminate may cause inaccurate times.
  • Supply counts are checked every 10 seconds.